 Dungeon Crawl Stone Soup version 0.19.5 (webtiles) character file.

2002 Stendarr the Destroyer (level 9, -2/63 HPs)
             Began as a High Elf Air Elementalist on May 10, 2017.
             Slain by a troll (9 damage)
             ... on level 6 of the Dungeon.
             The game lasted 00:21:09 (4860 turns).

Stendarr the Destroyer (High Elf Air Elementalist)  Turns: 4860, Time: 00:21:10

Health: -2/63      AC:  4    Str: 10    XL:     9   Next: 2%
Magic:  13/17      EV: 12    Int: 19    God:
Gold:   279        SH:  0    Dex: 17    Spells: 5 memorised, 5 levels left

rFire  . . .     SeeInvis .     J - +2 dagger (elec)
rCold  . . .     Gourm    .     G - +0 leather armour (curse)
rNeg   . . .     Faith    .     (no shield)
rPois  .         Spirit   .     (no helmet)
rElec  .         Reflect  .     l - +0 cloak
rCorr  +         Harm     .     (no gloves)
MR     +....                    (no boots)
Stlth  ++........               s - amulet of magic regeneration
                                H - ring of resist corrosion
                                r - ring of protection from magic

@: about to teleport, repel missiles
A: no striking features
a: no special abilities


You were on level 6 of the Dungeon.
You were not hungry.

You visited 1 branch of the dungeon, and saw 6 of its levels.

You collected 279 gold pieces.

Inventory:

Hand Weapons
 e - a +0 dagger
 u - a +2 quarterstaff of protection
 J - a +2 dagger of electrocution (weapon)
Armour
 a - a +0 robe
 l - a +0 cloak (worn)
 G - a cursed +0 leather armour (worn)
Jewellery
 r - a ring of protection from magic (left hand)
 s - an amulet of magic regeneration (around neck)
 H - a ring of resist corrosion (right hand)
Wands
 z - a wand of slowing (26/48)
 F - a wand of confusion (32/48)
 I - a wand of acid (11/15)
Scrolls
 f - 2 scrolls of teleportation
 k - 2 scrolls of remove curse {unknown}
 m - a scroll of fog {unknown}
 n - 2 scrolls of amnesia {unknown}
 o - 3 scrolls of recharging {unknown}
 q - 3 scrolls of identify
 t - 2 scrolls of blinking {unknown}
 w - a scroll of fear {unknown}
 x - a scroll of enchant weapon {unknown}
 y - a scroll of noise {unknown}
 D - a scroll of enchant armour {unknown}
Potions
 g - 2 potions of lignification {unknown}
 h - a potion of brilliance {unknown}
 p - 3 potions of heal wounds {unknown}
 v - a potion of haste
 B - a potion of resistance {unknown}
 C - a potion of flight
 E - a potion of mutation {unknown}
 K - a potion of agility {unknown}
Books
 b - a book of Air

   Spells                             Type                      Level
   a - Shock                          Conjuration/Air              1
   b - Swiftness                      Charms/Air                   2
   c - Repel Missiles                 Charms/Air                   2
   d - Static Discharge               Conjuration/Air              3
   e - Lightning Bolt                 Conjuration/Air              5
Comestibles
 c - 6 bread rations
 d - 4 fruits
 i - 5 meat rations
 j - a beef jerky


   Skills:
 + Level 6.3 Fighting
 - Level 2.1 Dodging
 - Level 2.1 Stealth
 - Level 5.0 Spellcasting
 - Level 8.1 Conjurations
 - Level 7.0 Air Magic


You had 5 spell levels left.
You knew the following spells:

 Your Spells              Type           Power        Failure   Level  Hunger
a - Shock                 Conj/Air       ####         1%          1    None
b - Repel Missiles        Chrm/Air       ###...       8%          2    #......
c - Swiftness             Chrm/Air       ###.....     8%          2    #......
d - Static Discharge      Conj/Air       ####....     2%          3    ##.....
e - Lightning Bolt        Conj/Air       ####......   24%         5    ######.


Dungeon Overview and Level Annotations

Branches:
Dungeon (6/15)
 Temple: D:4-7

Altars:
Cheibriados
Elyvilon
Hepliaklqana
Makhleb
Nemelex Xobeh
Qazlal
Sif Muna
Uskayaw
The Shining One


Message History

Aim: a troll (lightly wounded)
The zap misses the troll.
Casting: Shock
Confirm with . or Enter, or press ? or * to list all spells.
Aiming: Shock
Press: ? - help, Shift-Dir - straight line, p - troll The zap misses the troll.
The troll bites you! The troll claws you. The troll claws you!
Casting: Shock
Confirm with . or Enter, or press ? or * to list all spells.
The troll is struck by lightning.
The troll is moderately wounded.
The lightning arcs!
You are struck by lightning.
The lightning grounds out.
The troll bites you!
* * * LOW HITPOINT WARNING * * *
The troll closely misses you. The troll claws you.
* * * LOW HITPOINT WARNING * * *
As you read the scroll of teleportation, it crumbles to dust.
You feel strangely unstable. The troll bites you!
You die...

#.......# # #########.......# #
#.......##...[.## #
#.......#.......# #
#.......#.......# #
#...)...#.......#
###.......##.....#########
..#.......###............#
#.#.......######@##....(.#
#............# #.T#......#
##.###.#####.####........#
##...#.# #.)..##.......#######
###...########)###............#
#####.)...### #)###......#####.##
##..........# #.)........##......
##..........#####...........###.#
##...........#..)...###..........


You could see a troll.

Vanquished Creatures
  A hornet (D:6)
  Edmund (D:6)
  2 ice beasts (D:6)
  A phantom (D:4)
  A sky beast (D:6)
  5 ogres
  Blork the orc (D:5)
  3 bullfrogs (D:6)
  A scorpion (D:5)
  A howler monkey (D:4)
  A crimson imp (D:6)
  6 hounds
  A gnoll shaman (D:6)
  An orc wizard (D:6)
  3 worker ants
  5 gnolls
  5 adders
  2 oozes
  An adder zombie (D:5)
  An adder skeleton (D:5)
  3 worms
  2 dart slugs
  6 leopard geckos
  10 orcs
  3 giant cockroaches
  7 goblins
  11 hobgoblins
  5 kobolds
  2 quokkas (D:3)
  8 bats
  4 frilled lizards
  A quokka zombie (D:6)
  4 rats
109 creatures vanquished.

Vanquished Creatures (others)
  An orc wizard (D:6)
1 creature vanquished.

Grand Total: 110 creatures vanquished

Notes
Turn   | Place    | Note
-------+----------+-------------------------------------------
     0 | D:1      | Stendarr the High Elf Air Elementalist began the quest for the Orb.
     0 | D:1      | Reached XP level 1. HP: 11/11 MP: 4/4
   188 | D:1      | Reached XP level 2. HP: 17/17 MP: 2/6
   539 | D:1      | Learned a level 2 spell: Repel Missiles
   543 | D:1      | Learned a level 2 spell: Swiftness
   923 | D:2      | Reached XP level 3. HP: 21/21 MP: 5/8
   947 | D:2      | Reached skill level 2 in Conjurations
  1065 | D:2      | Found a sparkling altar of Nemelex Xobeh.
  1171 | D:2      | Found a stormy altar of Qazlal.
  1240 | D:2      | Found a hide-covered altar of Uskayaw.
  1440 | D:2      | Learned a level 3 spell: Static Discharge
  1579 | D:3      | Reached XP level 4. HP: 24/27 MP: 2/10
  1747 | D:3      | Reached skill level 3 in Conjurations
  2068 | D:3      | Found a deep blue altar of Sif Muna.
  2202 | D:4      | Reached XP level 5. HP: 31/31 MP: 9/12
  2404 | D:4      | Noticed an ogre
  2426 | D:4      | Killed an ogre
  2426 | D:4      | Reached skill level 4 in Conjurations
  2633 | D:4      | Found a glowing golden altar of the Shining One.
  2667 | D:4      | Reached XP level 6. HP: 36/36 MP: 10/14
  2753 | D:4      | Reached skill level 5 in Air Magic
  2770 | D:4      | Learned a level 5 spell: Lightning Bolt
  2957 | D:4      | Reached skill level 5 in Spellcasting
  3039 | D:4      | Found a snail-covered altar of Cheibriados.
  3050 | D:4      | Reached skill level 5 in Conjurations
  3178 | D:4      | Found a burning altar of Makhleb.
  3178 | D:4      | Noticed a green death
  3303 | D:4      | Found a faded altar of an unknown god.
  3303 | D:4      | Found a faded altar of an unknown god.
  3309 | D:4      | Found a faded altar of an unknown god.
  3311 | D:4      | Found a hazy altar of Hepliaklqana.
  3312 | D:4      | Found a faded altar of an unknown god.
  3377 | D:5      | Entered Level 5 of the Dungeon
  3404 | D:5      | Noticed Blork the orc
  3416 | D:5      | Killed Blork the orc
  3416 | D:5      | Reached XP level 7. HP: 41/41 MP: 11/15
  3592 | D:5      | Reached skill level 6 in Conjurations
  3743 | D:5      | Found a white marble altar of Elyvilon.
  3885 | D:5      | Reached skill level 7 in Conjurations
  3976 | D:6      | Reached XP level 8. HP: 29/46 MP: 7/16
  4201 | D:6      | Reached skill level 8 in Conjurations
  4322 | D:6      | Reached skill level 1 in Fighting
  4371 | D:6      | Noticed Edmund
  4569 | D:6      | Killed Edmund
  4569 | D:6      | Reached skill level 5 in Fighting
  4718 | D:6      | Noticed a hornet
  4772 | D:6      | Killed a hornet
  4772 | D:6      | Reached XP level 9. HP: 59/63 MP: 8/17
  4796 | D:6      | Noticed a troll
  4860 | D:6      | Slain by a troll

Skill      XL: |  1  2  3  4  5  6  7  8 |
---------------+-------------------------+-----
Spellcasting   | 3 4 5 |  5.0
Air Magic      | 4 5 6 7 |  7.0
Conjurations   | 2 3 4 5 7 8 |  8.1
Fighting       | 6 |  6.3
Dodging        | |  2.1
Stealth        | |  2.1

Action                   |  1- 3 |  4- 6 |  7- 9 || total
-------------------------+-------+-------+-------++-------
Melee: Dagger            |    15 |       |       ||    15
       Quarterstaff      |       |    26 |    30 ||    56
 Cast: Shock             |    64 |    73 |   108 ||   245
       Repel Missiles    |     1 |       |       ||     1
       Static Discharge  |     1 |       |     7 ||     8
  Use: Scroll            |       |       |     4 ||     4
 Stab: Sleeping          |     2 |     4 |     4 ||    10
  Eat: Chunk             |     2 |     6 |     4 ||    12
Armor: Robe              |     6 |     8 |       ||    14
       Leather armour    |       |       |    17 ||    17
Dodge: Dodged            |    27 |    22 |    30 ||    79
